 Dungeon Crawl Stone Soup version 0.31.0-12-g77e489cdc1 (webtiles) character file.

Game seed: 5501273562401082831

123 Heoruswealwe the Conjurer (level 4, -4/24 HPs)
             Began as a Deep Elf Conjurer on Feb 14, 2024.
             Slain by Duvessa
             ... wielding a +0 short sword
              (6 damage)
             ... on level 4 of the Dungeon.
             The game lasted 00:19:52 (1947 turns).

Heoruswealwe the Conjurer (Deep Elf Conjurer)       Turns: 1947, Time: 00:19:53

Health: -4/24      AC:  2    Str:  4    XL:     4   Next: 79%
Magic:  1/13       EV: 12    Int: 25    God:
Gold:   114        SH:  0    Dex: 13    Spells: 0/13 levels left

rFire   . . .        (no weapon)
rCold   + . .        (no shield)
rNeg    . . .        c - +0 robe
rPois   .            (no helmet)
rElec   .            (no cloak)
rCorr   .            (no gloves)
SInv    .            (no boots)
Will    .....        (no amulet)
Stlth   ++           k - ring of protection from cold
HPRegen 0.24/turn    j - ring of flight
MPRegen 0.13/turn

%: no passive effects
@: flying
A: no striking features
a: no special abilities


You were on level 4 of the Dungeon.
You visited 1 branch of the dungeon, and saw 4 of its levels.

You collected 114 gold pieces.

Inventory:

Armour
 a - a +0 robe
 c - a +0 robe (worn)
 e - a +0 robe
 t - a +0 robe
Jewellery
 j - a ring of flight (right hand)
 k - a ring of protection from cold (left hand)
Scrolls
 b - a scroll of poison {unknown}
 d - 2 scrolls of teleportation {unknown}
 f - a scroll of enchant armour {unknown}
 g - 3 scrolls of identify {unknown}
 h - a scroll of fog {unknown}
 i - a scroll of vulnerability {unknown}
 n - a scroll of immolation {unknown}
 o - a scroll of enchant weapon {unknown}
Potions
 l - a potion of heal wounds {unknown}
 m - 2 potions of haste {unknown}
 p - a potion of brilliance {unknown}
 q - a potion of curing {unknown}
 r - a potion of might {unknown}
 s - a potion of invisibility {unknown}
 u - a potion of mutation {unknown}


   Skills:
 - Level 2.4 Dodging
 - Level 2.4 Stealth
 + Level 5.2 Spellcasting
 + Level 5.7 Conjurations


You couldn't memorise any spells.
You knew the following spells:

 Your Spells              Type           Power      Damage    Failure   Level
a - Magic Dart            Conj           100%       1d8       1%          1
b - Searing Ray           Conj           70%        2d7       1%          2
c - Dazzling Flash        Conj/Hex       40%        N/A       8%          3
d - Mephitic Cloud        Conj/Alch/Air  16%        N/A       11%         3
e - Fulminant Prism       Conj/Alch      10%        3d9       24%         4

Your spell library contained the following spells:

 Spells                   Type           Power      Damage    Failure   Level
 Iskenderun's Mystic Bla  Conj/Tloc      20%        2d6       24%         4
 Curse of Agony           Necr           6%         N/A       92%         5
 Silence                  Hex/Air        3%         N/A       92%         5


Dungeon Overview and Level Annotations

Branches:
Dungeon (4/15)
 Temple: D:4-7

Altars:

Annotations:
D:4 Dowan, Duvessa


Message History

The searing ray misses Duvessa.
You finish channelling your searing ray.
Duvessa barely misses you.
Casting: Searing Ray (safe; 1% risk of failure)
Confirm with . or Enter, or press ? or * to list all spells.
Aiming: Searing Ray (safe; 1% risk of failure)
Press: ? - help, Shift-Dir - straight line, f/p - Duvessa
Aim: Duvessa, wielding a +0 short sword and wearing a +0 leather armour (heavily wounded, 83% to hit)
The searing ray hits Duvessa.
Duvessa is severely wounded. (Press . to maintain the ray.) Dowan barely misses you.
Duvessa completely misses you.
The searing ray hits Duvessa.
Duvessa is severely wounded.
Dowan hits you with a +0 dagger. Duvessa misses you.
The searing ray hits Duvessa.
Duvessa is almost dead.
Dowan barely misses you. Duvessa hits you with a +0 short sword.
* * * LOW HITPOINT WARNING * * *
The searing ray hits Duvessa.
Duvessa is almost dead.
You finish channelling your searing ray.
Dowan hits you with a +0 dagger.
* * * LOW HITPOINT WARNING * * *
Duvessa barely misses you.
Casting: Searing Ray (safe; 1% risk of failure)
Confirm with . or Enter, or press ? or * to list all spells.
Aiming: Searing Ray (safe; 1% risk of failure)
Press: ? - help, Shift-Dir - straight line, f/p - Duvessa
Aim: Duvessa, wielding a +0 short sword and wearing a +0 leather armour (almost dead, 83% to hit)
The searing ray misses Duvessa. (Press . to maintain the ray.) Dowan hits you with a +0 dagger.
* * * LOW HITPOINT WARNING * * *
Duvessa barely misses you.
The searing ray hits Duvessa but does no damage.
Duvessa is almost dead.
Dowan mumbles some strange words.
Dowan blinks!
Duvessa hits you with a +0 short sword.
You die...

#.# #.# #.# #.#
#.# #.?# #.#
#..#
#.###.#####..#
#.....ee@.#..#
##.##.###ยง#..#
#.# #.#..# ##.#
#.#..#######
#..#
#...........
#.##
####.###### #.#
#.# #e# #.# #.#
#.#


You could see Duvessa and Dowan.

Vanquished Creatures
  4 gnolls (D:2)
  An adder (D:2)
  3 dart slugs
  5 orcs (D:3)
  6 ball pythons
  6 endoplasms
  A giant cockroach (D:1)
  4 goblins
  6 hobgoblins
  5 jackals
  5 kobolds
  5 bats
  4 frilled lizards
  6 rats
61 creatures vanquished.

Notes
Turn   | Place    | Note
-------+----------+-------------------------------------------
     0 | D:1      | Heoruswealwe the Deep Elf Conjurer began the quest for the
                  | Orb.
     0 | D:1      | Reached XP level 1. HP: 10/10 MP: 6/6
   210 | D:1      | Reached XP level 2. HP: 15/15 MP: 0/8
   213 | D:1      | Learned a level 2 spell: Searing Ray
   666 | D:1      | Reached skill level 5 in Conjurations
   666 | D:1      | Reached XP level 3. HP: 19/19 MP: 0/10
   683 | D:1      | Learned a level 3 spell: Dazzling Flash
   687 | D:1      | Learned a level 3 spell: Mephitic Cloud
  1076 | D:2      | Reached XP level 4. HP: 19/24 MP: 0/12
  1156 | D:2      | Reached skill level 5 in Spellcasting
  1161 | D:2      | Learned a level 4 spell: Fulminant Prism
  1341 | D:1      | You are sucked into a shaft and drop 1 floor!
  1904 | D:4      | Noticed Dowan
  1906 | D:4      | Noticed Duvessa
  1946 | D:4      | HP: 1/24 [Dowan/+0 dagger (1)]
  1947 | D:4      | Slain by Duvessa

Illustrated notes

Levels and vault maps discovered:
D:1:      wheals_arrival_linesprint, layout_basic, minmay_statues_item,
          minmay_tromino_v7
D:2:      layout_basic
D:3:      layout_basic, serial_glass, glass_columns_c, glass_columns_c,
          glass_columns_a, glass_columns_c, glass_columns_a, glass_columns_b
D:4:      minmay_chambers_of_twos, layout_loops_ring, serial_demonic,
          serial_demonic_a, serial_demonic_e, serial_demonic_e,
          serial_demonic_e, serial_demonic_f, minmay_fountain_box, uniq_duvessa,
          uniq_grinder

Skill      XL: |  1  2  3  4 |
---------------+-------------+-----
Spellcasting   | 4 5 |  5.2
Conjurations   | 5 |  5.7
Dodging        | |  2.4
Stealth        | |  2.4

Action                     |  1- 3 |  4- 6 || total
---------------------------+-------+-------++-------
   Cast: Magic Dart        |    75 |    41 ||   116
         Searing Ray       |     1 |     4 ||     5
    Use: Potion            |       |     1 ||     1
 Armour: Robe              |    13 |    18 ||    31
  Dodge: Dodged            |    17 |    17 ||    34
